 Dungeon Crawl Stone Soup version 0.23.2-40-g277498a001 (webtiles) character file.

Game seed: 9518825297146639510

11 Descartes the Grasshopper (level 2, -5/26 HPs)
             Began as a Naga Warper on Sept 18, 2019.
             Slain by a worm (9 damage)
             ... on level 2 of the Dungeon.
             The game lasted 00:02:03 (1096 turns).

Descartes the Grasshopper (Naga Warper)             Turns: 1096, Time: 00:02:03

Health: -5/26      AC:  2    Str: 13    XL:     2   Next: 25%
Magic:  5/5        EV:  9    Int: 13    God:
Gold:   21         SH:  0    Dex: 10    Spells: 1/5 levels left

rFire    . . .     SeeInvis +   a - +0 falchion
rCold    . . .     Gourm    .   (no shield)
rNeg     . . .     Faith    .   b - +0 leather armour
rPois    +         Spirit   .   (no helmet)
rElec    .         Reflect  .   (no cloak)
rCorr    .         Harm     .   (no gloves)
MR       .....                  (no barding)
Stlth    +.........             j - amulet of magic regeneration
HPRegen  0.08/turn              (no ring)
MPRegen  0.34/turn              (no ring)

@: very slow
A: large, see invisible, deformed body, poison resistance, slowness 2, slow
metabolism 1, spit poison 1, AC +0
a: Spit Poison


You were on level 2 of the Dungeon.
You were not hungry.

You visited 1 branch of the dungeon, and saw 2 of its levels.

You collected 21 gold pieces.

Inventory:

Hand Weapons
 a - a +0 falchion (weapon)
Missiles
 c - 28 stones
 e - 5 tomahawks of dispersal (quivered)
Armour
 b - a +0 leather armour (worn)
Jewellery
 j - an amulet of magic regeneration (around neck)
Scrolls
 d - a scroll of blinking
 g - 2 scrolls of identify {unknown}
 h - a scroll of amnesia {unknown}
Potions
 i - a potion of heal wounds {unknown}
Comestibles
 f - a ration


   Skills:
 + Level 2.1 Fighting
 + Level 2.1 Long Blades
 - Level 0.8 Throwing
 + Level 1.0 Armour
 + Level 1.7 Dodging
 + Level 0.8 Stealth
 + Level 2.1 Spellcasting
 + Level 0.0 Charms
 + Level 3.0 Translocations


You had one spell level left.
You knew the following spells:

 Your Spells              Type           Power        Failure   Level  Hunger
a - Shroud of Golubria    Chrm/Tloc      #.........   26%         2    ###....
b - Blink                 Tloc           N/A          14%         2    ###....

Your spell library contained the following spells:

 Spells                   Type           Power        Failure   Level  Hunger
 Gell's Gravitas          Tloc           #.........   28%         3    ####...
 Lesser Beckoning         Tloc           #.........   28%         3    ####...
 Teleport Other           Tloc           #.......     28%         3    ####...
 Passage of Golubria      Tloc           N/A          67%         4    #####..


Dungeon Overview and Level Annotations

Branches:
Dungeon (2/15)

Altars:
Ashenzari


Innate Abilities, Weirdness & Mutations

You cannot wear boots.
Your serpentine skin is tough. (AC +0)
You have supernaturally acute eyesight. (SInv)
Armour fits poorly on your strangely shaped body.
Your system is resistant to poisons. (rPois)
You cover ground very slowly.
You have a slow metabolism.
You can spit poison.


Message History

Cast which spell? (? or * to list)
Okay, then.
Done exploring.
There is a stone staircase leading down here.
You climb downwards.
A leopard gecko and a worm come into view.
The leopard gecko hisses angrily.
Found a hunting sling and a ration.
Found a stone staircase leading up.
There is a stone staircase leading up here.
The leopard gecko bites you. x2
You miss the leopard gecko. The leopard gecko bites you.
You hit the leopard gecko but do no damage.
The leopard gecko bites you but does no damage.
The leopard gecko closely misses you.
You riposte.
You closely miss the leopard gecko. The worm bites you!
* * * LOW HITPOINT WARNING * * *
You are too injured to fight recklessly!
You are too injured to fight recklessly!
The leopard gecko closely misses you. The worm bites you!
You die...

.. .####. #
%....## .#
....<####.# #
#........##.. .#
#)..........#
....##....##.....
........w....###.
........l@.......
##.##..........#.
###..#.......
##.........
#..#...#..
...#...# .
#....#.# ....##..


You could see a worm and a leopard gecko.

Vanquished Creatures
  A ball python (D:1)
  A giant cockroach (D:1)
  2 goblins (D:1)
  2 kobolds (D:1)
  3 bats (D:1)
  2 rats (D:1)
11 creatures vanquished.

Notes
Turn   | Place    | Note
-------+----------+-------------------------------------------
     0 | D:1      | Descartes the Naga Warper began the quest for the Orb.
     0 | D:1      | Reached XP level 1. HP: 19/19 MP: 3/3
   416 | D:1      | Found a shattered altar of Ashenzari.
   608 | D:1      | Reached XP level 2. HP: 26/26 MP: 5/5
   624 | D:1      | Reached skill level 1 in Armour
   997 | D:1      | Learned a level 2 spell: Shroud of Golubria
  1000 | D:1      | Learned a level 2 spell: Blink
  1096 | D:2      | Slain by a worm

Skill      XL: |  1  2 |
---------------+-------+-----
Armour         | 1 |  1.0
Fighting       | |  2.1
Long Blades    | |  2.1
Throwing       | |  0.8
Dodging        | |  1.7
Stealth        | |  0.8
Spellcasting   | |  2.1
Translocations | |  3.0

Action                   || total
-------------------------++-------
Melee: Falchion          ||    31
Armor: Leather armour    ||     9
Dodge: Dodged            ||    14
       Rpst.: Falchion   ||     4
